 Dungeon Crawl Stone Soup version 0.29-a0-459-g97dee8cd24 (webtiles) character file.

Game seed: 13736448878182138855

2 happo123 the Magician (level 1, -3/15 HPs)
             Began as a Djinni Earth Elementalist on May 20, 2022.
             Slain by a gnoll
             ... wielding a +0 spear
              (5 damage)
             ... on level 1 of the Dungeon.
             The game lasted 00:00:45 (103 turns).

happo123 the Magician (Djinni Earth Elementalist)    Turns: 103, Time: 00:00:46

Health: -3/15      AC:  2    Str:  7    XL:     1   Next: 44%
Gold:   33         EV: 12    Int: 16    God:
                   SH:  0    Dex: 13

rFire   + + .      SeeInvis .   (no weapon)
rCold   x . .      Faith    .   (no shield)
rNeg    . . .      Spirit   .   b - +0 robe
rPois   ∞          Reflect  .   (no helmet)
rElec   .          Harm     .   (no cloak)
rCorr   .          Rampage  .   (no gloves)
Will    .....                   (boots unavailable)
Stlth   ++........              (no amulet)
HPRegen 0.05/turn               (no ring)
MPRegen 0.00/turn               (no ring)

@: flying, very slightly contaminated
A: sickness immunity, fire resistance 2, cold vulnerability 1, float, innate
caster, HP casting, extra vitality 1
a: no special abilities


You were on level 1 of the Dungeon.
You visited 1 branch of the dungeon, and saw 1 of its levels.

You collected 33 gold pieces.

Inventory:

Missiles
 a - 45 stones
Armour
 b - a +0 robe (worn)
Scrolls
 c - a scroll of amnesia {unknown}


   Skills:
 + Level 2.3 Dodging
 + Level 1.6 Stealth
 + Level 2.4 Spellcasting


You couldn't memorise any spells.
You knew the following spells:

 Your Spells              Type           Power      Damage    Failure   Level
a - Sandblast             Erth           18%        2d7       7%          1
b - Passwall              Tmut/Erth      7%         N/A       11%         2
c - Stone Arrow           Conj/Erth      18%        3d8       22%         3
d - Petrify               Tmut/Erth      9%         N/A       56%         4
Your spell library was empty.

Dungeon Overview and Level Annotations

Branches:
Dungeon (1/15)

Altars:


Innate Abilities, Weirdness & Mutations

You are immune to sickness and miasma.
You are immune to poison.
Your flesh is very heat resistant. (rF++)
You are vulnerable to cold. (rC-)
You float through the air rather than walking.
You learn spells naturally, not from books.
Your magical power is your life essence.
You have superior vitality. (+4 MHP)


Message History

The blast of sand misses the goblin.
The goblin hits you with a +0 dagger.
Aiming: Sandblast (safe; 8% risk of failure)
Press: ? - help, Q - select action, (/) - cycle Shift-Dir - straight line, f/p - goblin
Aim: a goblin, wielding a +0 dagger (almost dead, 72% to hit)
The blast of sand hits the goblin.
You kill the goblin!
Found 17 gold pieces.
You now have 17 gold pieces.
Found a robe.
Found 16 gold pieces and 20 stones.
You now have 33 gold pieces (gained 16).
A gnoll comes into view. It is wielding a +0 spear.
a - 46 stones (gained 20)
There are no items here.
The gnoll shouts!
Aiming: Sandblast (safe; 7% risk of failure)
Press: ? - help, Q - select action, (/) - cycle Shift-Dir - straight line, f - gnoll
Aim: a gnoll, wielding a +0 spear (81% to hit)
You miscast Sandblast.
You are very lightly contaminated with residual magic.
Nothing appears to happen.
Aiming: Sandblast (safe; 7% risk of failure)
Press: ? - help, Q - select action, (/) - cycle Shift-Dir - straight line, f/p - gnoll
Aim: a gnoll, wielding a +0 spear (81% to hit)
The blast of sand hits the gnoll!
The gnoll is heavily wounded.
The gnoll hits you from afar with a +0 spear!
Ouch! That really hurt!
* * * LOW HITPOINT WARNING * * *
Your magical contamination has completely faded away.
Aiming: Sandblast (safe; 7% risk of failure)
Press: ? - help, Q - select action, (/) - cycle Shift-Dir - straight line, f/p - gnoll
Aim: a gnoll, wielding a +0 spear (heavily wounded, 81% to hit)
You miscast Sandblast.
You are very lightly contaminated with residual magic.
Nothing appears to happen.
* * * LOW HITPOINT WARNING * * *
The gnoll hits you from afar with a +0 spear.
You die...

#.........# #.........# ...
#.........# .. #.........#
.[ #....[....# . #.........#
#.#.........#
#.#........>#############
#........g.@............#
#...#.########).#######...##
#....#.#### #..............#
..... #....#
##...⌠.⌠.⌠.....## ....#
####.# ##....:........# ##..
#.# ##..⌠.⌠.......# #.#
##...........# #.####
#..⌠.......##
####....######.........#


You could see a gnoll.

Vanquished Creatures
  A goblin (D:1)
  A hobgoblin (D:1)
2 creatures vanquished.

Notes
Turn   | Place    | Note
-------+----------+-------------------------------------------
     0 | D:1      | happo123 the Djinni Earth Elementalist began the quest for
                  | the Orb.
     0 | D:1      | Reached XP level 1. HP: 15/15 MP: 0/0
   103 | D:1      | Slain by a gnoll

Illustrated notes

Levels and vault maps discovered:
D:1:      eino_arrival_cavern_a, layout_basic

Action                   || total
-------------------------++-------
 Cast: Sandblast         ||     5

Table legend: (Time is in decaauts)
 A = Elapsed time spent in this place.
 B = Non-inter-level travel time spent in this place.
 C = Inter-level travel time spent in this place.
 D = Time resting spent in this place.
 E = Time spent auto-exploring this place.
 F = Levels seen in this place.
 G = Mean time per level.
                   A        B        C        D        E       F      G
               +--------+--------+--------+--------+--------+-----+--------+
         Total |    103 |     35 |     68 |      0 |      0 |   1 |  103.0 |
       Dungeon |    103 |     35 |     68 |      0 |      0 |   1 |  103.0 |
               +--------+--------+--------+--------+--------+-----+--------+

Top non-repeatable levels by time:
     D:1: 103 daAuts
